 Dungeon Crawl Stone Soup version 0.32-a0-868-g153ae1a8d6 (webtiles) character file.

Game seed: 16719951338547778459

20675 jasper the Black Belt (level 12, -12/97 HPs)
             Began as a Vampire Shapeshifter on Mar 28, 2024.
             Was a Follower of Uskayaw.
             Mangled by a white ugly thing (31 damage)
             ... in a Gauntlet.
             The game lasted 00:20:47 (12063 turns).

jasper the Black Belt (Vampire Shapeshifter)       Turns: 12063, Time: 00:20:48

Health: -12/97     AC: 18    Str: 13    XL:     12   Next: 47%
Magic:  17/17      EV: 20    Int: 14    God:    Uskayaw [*.....]
Gold:   828        SH:  0    Dex: 19    Spells: 11/11 levels left

rFire   . .          .
                       - Unarmed
rCold   . . .        (no shield)
rNeg    . . .        f - +4 ring mail
rPois   +            s - +2 helmet
rElec   .            S - +0 cloak
rCorr   .            (no gloves)
SInv    +            W - +0 pair of boots
Will    +....        a - amulet of the Seven Leylines {*Corrode rPois Regen+ Int+2}
Stlth   ++           m - +4 ring of protection
HPRegen 1.36/turn    g - +5 ring of evasion
MPRegen 0.15/turn

%: no teleportation, corrode self (3%)
@: mighty, healing quickly, hasted, very quick
A: alive, fangs 3, see invisible, vampiric 2
a: Exsanguinate, Renounce Religion, Stomp


You were in a Gauntlet.
You worshipped Uskayaw.
Uskayaw was noncommittal.
You visited 2 branches of the dungeon, and saw 14 of its levels.
You also visited: Gauntlet and Volcano.

You collected 828 gold pieces.

Inventory:

Hand Weapons
 R - a +0 whip
Missiles
 l - 83 poisoned darts
 w - 101 stones (quivered)
 x - 2 silver javelins
 A - 10 curare-tipped darts
Armour
 f - a +4 ring mail (worn)
 r - a +0 tower shield
 s - a +2 helmet (worn)
 z - a scarf of repulsion
 S - a +0 cloak (worn)
 U - a +3 leather armour of fire resistance
 W - a +0 pair of boots (worn)
Jewellery
 a - the amulet of the Seven Leylines (around neck) {*Corrode rPois Regen+ Int+2}
   (You found it in a Gauntlet)

   [amulet of regeneration]

   Int+2:     It affects your intelligence (+2).
   rPois:     It protects you from poison.
   Regen+:    It increases your rate of health regeneration.
   *Corrode:  It may corrode you when you take damage.
 g - a +5 ring of evasion (right hand)
 i - a ring of fire
 j - the amulet "Medidasch" {Spirit +Blink rF+ rC- Will+}
   (You found it in a Gauntlet)

   [amulet of guardian spirit]

   Spirit:    It causes incoming damage to be divided between your reserves of
   health and magic.
   rF+:       It protects you from fire.
   rC-:       It makes you vulnerable to cold.
   Will+:     It increases your willpower.
   +Blink:    It lets you blink.
 m - a +4 ring of protection (left hand)
 q - a ring of resist corrosion
 u - a ring of positive energy
 v - a ring of flight
 C - a +5 ring of evasion
 I - an amulet of magic regeneration
 J - a ring of fire
 K - an amulet of guardian spirit
 Q - an amulet of the acrobat
Talismans
 c - a beast talisman
 d - a flux talisman
Wands
 y - a wand of flame (9)
 D - a wand of mindburst (26)
 G - a wand of charming (17)
 N - a wand of warping (20)
 O - a wand of digging (7)
Scrolls
 h - a scroll of fear
 n - 4 scrolls of teleportation
 p - a scroll of noise
 F - a scroll of torment
 P - a scroll of amnesia
Potions
 b - a potion of magic
 e - 3 potions of mutation
 o - 2 potions of might
 t - 5 potions of enlightenment
 B - a potion of brilliance
 E - 3 potions of cancellation
 H - a potion of berserk rage
 V - a potion of attraction


   Skills:
 - Level 10.0 Fighting
 - Level 10.0 Dodging
 - Level 4.3 Stealth
 - Level 15.0 Unarmed Combat
 + Level 6.9 Invocations
 - Level 3.2 Shapeshifting


You had 11 spell levels left.
You didn't know any spells.
Your spell library contained the following spells:

 Spells                   Type           Power      Damage    Failure   Level
 Kiss of Death            Conj/Necr      0%         2d5       54%         1
 Sandblast                Erth           0%         2d4       54%         1
 Confusing Touch          Hex            0%         N/A       88%         3
 Stone Arrow              Conj/Erth      0%         3d7       88%         3
 Brom's Barrelling Bould  Conj/Erth      0%         2d3       99%         4
 Dispel Undead            Necr           0%         3d6       99%         4


Dungeon Overview and Level Annotations

Branches:
Dungeon (11/15)            Temple (0/1) D:7            Lair (3/5) D:9
  Swamp (0/4) Lair:2      Volcano (visited)         Gauntlet (1/1)
  Snake: Lair:2-3    Spider: Lair:2-3       Orc: D:9-12

Altars:
Cheibriados
Dithmenos
Fedhas
Gozag
Hepliaklqana
Makhleb
Nemelex Xobeh
Okawaru
Qazlal
Ru
Uskayaw
Xom
Yredelemnul
Jiyva

Annotations:
D:2 Sigmund
D:8 3 runed translucent doors, pokeman's ghost, novice DEHW
D:10 2 transporters Gauntlet 7 transporters, 21 runed translucent doors


Innate Abilities, Weirdness & Mutations

Your natural rate of healing is accelerated.
You have razor-sharp teeth.
You have supernaturally acute eyesight. (SInv)
You are afflicted with vampirism and can become a bat while bloodless.


Message History

You feel better. The white ugly thing bites you.
* * * LOW HITPOINT WARNING * * *
The white ugly thing freezes you!
* * * LOW HITPOINT WARNING * * *
You take 7 damage, and have 1/97 hp.
You feel better. The white ugly thing misses you.
The elephant tramples you but does no damage.
The elephant trunk-slaps you.
* * * LOW HITPOINT WARNING * * *
The white ugly thing bites you but does no damage.
You regained 7 hp, and now have 8/97 hp.
As you read the scroll of fear, it crumbles to dust.
You assume a fearsome visage.
The elephant easily resists.
The elephant looks frightened! x2
The glowing orange brain resists with almost no effort.
The tengu conjurer looks frightened! x2; The white ugly thing looks frightened! x2
The battlesphere is unaffected.
You feel very mighty all of a sudden.
You pummel the glowing orange brain!!
You are no longer terrified.
You kill the glowing orange brain!
The elephant dissolves into shadows! x4
The tengu conjurer dissolves into shadows! x2
The battlesphere dissipates.
Uskayaw will force your foes to helplessly watch your dance.
There is a transporter landing site, spattered with blood here.
The white ugly thing seems to regain its courage.
Cornered, the white ugly thing turns to fight!
You see here the amulet "Medidasch" {Spirit +Blink rF+ rC- Will+}.
MP restored: 17 You can no longer pass through a line of other dancers.
You see here a +0 ring mail.
You are no longer corroded.
You see here the amulet "Medidasch" {Spirit +Blink rF+ rC- Will+}.
j - the amulet "Medidasch" {Spirit +Blink rF+ rC- Will+} The white ugly thing engulfs you.
* * * LOW HITPOINT WARNING * * *
The white ugly thing freezes you!!
You die...
Your body falls in perfect tune with the rhythm.

....................##
####...###########..#ß
.^.#.ß.#...#.#...#..##
##.#...#..#...#..#..#
.#.#####.##...##.#..####
#..#...##..#.##.!#..#§ß≈
#.©#©.©#u...©.#.©#..#§§.
#..#...##..#.##.[#..#.ß.#
.#.#####.##...##@#..#...#
##.#...#..#...#u.#..#.ß.#
...#...#...#.#...#..#...#
####...###########..#...#
.....≈.............≈#.©.#.
....≈ß≈............∩#.....
....§≈.............≈#.©.#
####...###########..#...#
...#...#..+..+...#..#...#


You could see a white ugly thing.

Vanquished Creatures
  A hydra (Lair:2)
  A hell beast (Gauntlet)
  2 two-headed ogres
  A sixfirhy (Gauntlet)
  A glowing orange brain (Gauntlet)
  2 deep elf archers (Volcano)
  5 deep elf pyromancers (Volcano)
  An ugly thing (D:11)
  2 manticores (D:11)
  2 cyclopes (D:11)
  Maggie (D:8)
  3 cane toads (Lair:1)
  An unseen horror (D:11)
  3 komodo dragons
  A troll (D:11)
  A polar bear (Lair:1)
  2 hornets
  A wraith (D:9)
  9 yaks
  5 fire elementals (Volcano)
  A wyvern (D:9)
  4 basilisks
  4 vampire mosquitoes (Lair:2)
  Menkaure (D:4)
  2 acid dragons
  4 water moccasins
  2 hell hounds
  An orc warrior (D:10)
  4 ice beasts
  4 black bears
  11 wolves (Lair:1)
  An ogre (D:5)
  4 centaurs
  A weeping skull (D:8)
  8 kobold brigands
  Blork the orc (D:6)
  3 bullfrogs
  2 scorpions
  8 wights
  11 killer bees (D:10)
  5 howler monkeys
  2 electric eels (Lair:1)
  A gnoll bouda (D:7)
  5 hounds
  3 orc priests
  7 iguanas
  Natasha (twice) (D:4)
  11 orc wizards
  A hell rat (D:8)
  Robin (D:4)
  8 gnolls
  10 adders
  10 river rats (D:8)
  2 white imps
  6 ufetubi
  3 dart slugs
  5 ribbon worms
  33 orcs
  3 bats
  11 endoplasms
  A giant cockroach (D:1)
  24 goblins
  10 hobgoblins
  2 jackals (D:1)
  13 quokkas
  4 ball pythons
  6 frilled lizards
  34 kobolds
  19 rats
  2 spectral orcs
366 creatures vanquished.

Vanquished Creatures (others)
  A kobold brigand (D:9)
1 creature vanquished.

Grand Total: 367 creatures vanquished

Notes
Turn   | Place    | Note
-------+----------+-------------------------------------------
     0 | D:1      | jasper the Vampire Shapeshifter began the quest for the
                  | Orb.
     0 | D:1      | Reached XP level 1. HP: 14/14 MP: 1/1
    29 | D:1      | Reached skill level 1 in Stealth
    60 | D:1      | Reached XP level 2. HP: 11/20 MP: 2/2
   504 | D:1      | Gained mutation: You are afflicted with vampirism and can
                  | become a bat while bloodless. [Vampire growth]
   504 | D:1      | Reached XP level 3. HP: 24/25 MP: 3/3
   540 | D:1      | Reached skill level 1 in Fighting
   819 | D:2      | Reached XP level 4. HP: 9/32 MP: 4/4
   914 | D:2      | Reached skill level 4 in Unarmed Combat
   989 | D:2      | Noticed Sigmund
  1329 | D:3      | Reached XP level 5. HP: 38/38 MP: 5/5
  1546 | D:4      | Noticed Menkaure
  1567 | D:4      | Killed Menkaure
  1568 | D:4      | Reached skill level 5 in Unarmed Combat
  1568 | D:4      | Reached XP level 6. HP: 5/46 MP: 6/6
  1904 | D:4      | Noticed Robin
  1963 | D:4      | Killed Robin
  2123 | D:4      | Reached skill level 6 in Unarmed Combat
  2275 | D:4      | Noticed Natasha
  2303 | D:4      | Killed Natasha
  2304 | D:4      | Reached XP level 7. HP: 52/52 MP: 7/7
  2369 | D:4      | Noticed Natasha
  2382 | D:4      | Killed Natasha
  2420 | D:4      | Found a hide-covered altar of Uskayaw.
  2426 | D:4      | Became a worshipper of Uskayaw the Reveller
  2443 | D:5      | Entered Level 5 of the Dungeon
  2464 | D:5      | Found an opulent altar of Gozag.
  2469 | D:5      | Reached * piety under Uskayaw
  2684 | D:5      | Reached ** piety under Uskayaw
  2690 | D:5      | Reached *** piety under Uskayaw
  2786 | D:5      | Found a snail-covered altar of Cheibriados.
  2826 | D:5      | Reached skill level 7 in Unarmed Combat
  2860 | D:5      | Found a sacrificial altar of Ru.
  3056 | D:5      | Reached skill level 5 in Dodging
  3232 | D:5      | Found a sparkling altar of Nemelex Xobeh.
  3249 | D:5      | Reached **** piety under Uskayaw
  3308 | D:5      | Reached XP level 8. HP: 60/60 MP: 8/8
  3562 | D:6      | Reached skill level 8 in Unarmed Combat
  3571 | D:6      | Reached ***** piety under Uskayaw
  4015 | D:6      | Reached skill level 9 in Unarmed Combat
  4268 | D:6      | Noticed Blork the orc
  4315 | D:6      | Reached skill level 5 in Fighting
  4329 | D:6      | Killed Blork the orc
  4480 | D:6      | Reached XP level 9. HP: 68/68 MP: 9/9
  4627 | D:7      | Identified the +3 mace of the Silent Majority {heavy,
                  | Int+2}
  4715 | D:7      | Found a staircase to the Ecumenical Temple.
  4931 | D:7      | Reached skill level 10 in Unarmed Combat
  5316 | D:7      | Found a stormy altar of Qazlal.
  5317 | D:7      | Found an iron altar of Okawaru.
  5321 | D:7      | Found a shadowy altar of Dithmenos.
  5648 | D:8      | Found a basalt altar of Yredelemnul.
  5704 | D:8      | Found a runed translucent gate.
  5704 | D:8      | Found a runed translucent gate.
  5704 | D:8      | Found a runed translucent gate.
  5707 | D:8      | Noticed pokeman's ghost (novice DEHW)
  5971 | D:8      | Noticed Maggie
  5987 | D:8      | Killed Maggie
  5988 | D:8      | Reached skill level 11 in Unarmed Combat
  6056 | D:8      | Reached XP level 10. HP: 72/77 MP: 10/10
  6472 | D:8      | Found a viscous altar of Jiyva.
  6769 | D:9      | Reached skill level 12 in Unarmed Combat
  7249 | D:9      | Found a staircase to the Lair.
  7388 | D:9      | Noticed a two-headed ogre
  7407 | D:9      | Killed a two-headed ogre
  7408 | D:9      | Reached skill level 13 in Unarmed Combat
  7613 | D:10     | Entered Level 10 of the Dungeon
  7969 | D:10     | Found a transporter.
  7992 | D:10     | Found a transporter.
  8058 | D:10     | Found a burning altar of Makhleb.
  8074 | D:10     | Found a blossoming altar of Fedhas.
  8179 | D:10     | Found a shimmering altar of Xom.
  8311 | D:10     | Reached XP level 11. HP: 85/85 MP: 11/11
  8661 | D:11     | Found a hazy altar of Hepliaklqana.
  8820 | D:11     | Noticed a green ugly thing
  8840 | D:11     | Killed a green ugly thing
  9072 | D:11     | Noticed a two-headed ogre
  9079 | D:11     | Killed a two-headed ogre
  9080 | D:11     | Reached skill level 10 in Dodging
  9080 | D:11     | Reached skill level 14 in Unarmed Combat
  9735 | Lair:1   | Entered Level 1 of the Lair of Beasts
  9810 | Lair:1   | Found a dark tunnel.
  9821 | Volcano  | Entered a volcano
  9825 | Volcano  | Noticed a deep elf pyromancer
  9843 | Volcano  | Noticed a deep elf pyromancer
  9844 | Volcano  | Killed a deep elf pyromancer
  9844 | Volcano  | Noticed a deep elf archer
  9857 | Volcano  | Noticed a deep elf pyromancer
  9872 | Volcano  | Killed a deep elf pyromancer
  9876 | Volcano  | Killed a deep elf archer
  9957 | Volcano  | Noticed a deep elf pyromancer
  9973 | Volcano  | Killed a deep elf pyromancer
  9974 | Volcano  | Reached skill level 15 in Unarmed Combat
  9974 | Volcano  | Killed a deep elf pyromancer
 10002 | Volcano  | Noticed a deep elf archer
 10002 | Volcano  | Noticed a deep elf pyromancer
 10009 | Volcano  | Killed a deep elf pyromancer
 10060 | Volcano  | HP: 2/89 [deep elf archer/arrow (20)]
 10067 | Volcano  | Killed a deep elf archer
 10433 | Lair:1   | Reached skill level 10 in Fighting
 10442 | Lair:1   | Reached skill level 1 in Invocations
 10442 | Lair:1   | Reached XP level 12. HP: 64/97 MP: 11/13
 11397 | Lair:2   | Found a staircase to the Swamp.
 11455 | Lair:2   | Noticed a seven-headed hydra
 11462 | Lair:2   | You fall into a shaft and drop 1 floor!
 11484 | Lair:2   | Killed a seven-headed hydra
 11485 | Lair:2   | Reached skill level 5 in Invocations
 11557 | Lair:2   | Found a gate leading to a gauntlet.
 11568 | Gauntlet | Entered a Gauntlet
 11568 | Gauntlet | Found a transporter.
 11568 | Gauntlet | Found a transporter.
 11586 | Gauntlet | Found a transporter.
 11589 | Gauntlet | Found a transporter.
 11589 | Gauntlet | Found a transporter.
 11589 | Gauntlet | Found a transporter.
 11591 | Gauntlet | Noticed a hell beast
 11599 | Gauntlet | Found a transporter.
 11603 | Gauntlet | Found a transporter.
 11605 | Gauntlet | Found a large runed translucent door.
 11606 | Gauntlet | Found a large runed translucent door.
 11607 | Gauntlet | Found a large runed translucent door.
 11607 | Gauntlet | Found a large runed translucent door.
 11607 | Gauntlet | Found a runed translucent door.
 11608 | Gauntlet | Found a large runed translucent door.
 11609 | Gauntlet | Found a large runed translucent door.
 11610 | Gauntlet | Found a large runed translucent door.
 11610 | Gauntlet | Found a large runed translucent door.
 11611 | Gauntlet | Found a runed translucent gate.
 11616 | Gauntlet | Noticed an entropy weaver
 11618 | Gauntlet | Found a transporter.
 11619 | Gauntlet | Found a transporter.
 11619 | Gauntlet | Found a runed translucent gate.
 11620 | Gauntlet | Found a runed translucent gate.
 11620 | Gauntlet | Found a runed translucent door.
 11622 | Gauntlet | Found a large runed translucent door.
 11622 | Gauntlet | Found a large runed translucent door.
 11623 | Gauntlet | Found a large runed translucent door.
 11624 | Gauntlet | Found a large runed translucent door.
 11633 | Gauntlet | Found a large runed translucent door.
 11633 | Gauntlet | Found a large runed translucent door.
 11634 | Gauntlet | Found a large runed translucent door.
 11635 | Gauntlet | Found a large runed translucent door.
 11637 | Gauntlet | Found a transporter.
 11641 | Gauntlet | Found a transporter.
 11645 | Gauntlet | Noticed a cacodemon
 11900 | Gauntlet | Killed a hell beast
 11910 | Gauntlet | Identified the amulet of the Seven Leylines {*Corrode rPois
                  | Regen+ Int+2}
 12047 | Gauntlet | HP: 1/97 [white ugly thing (15)]
 12060 | Gauntlet | Identified the amulet "Medidasch" {Spirit +Blink rF+ rC-
                  | Will+}
 12063 | Gauntlet | Mangled by a white ugly thing

Illustrated notes

Levels and vault maps discovered:
D:1:      scummos_arrival_hexagon, layout_loops_ring, serial_bayou_lake_a
D:2:      layout_rooms, dreamdust_ecumenical_altar_hidden_monk_grotto,
          ebering_dispersal_statue_hall, chequers_serial_rivers_micro_a,
          uniq_jessica, uniq_crazy_yiuf_cottage, uniq_sigmund
D:3:      layout_rooms
D:4:      corexii_shack_village, layout_basic, mainiacjoe_overflow_alcove_1,
          uniq_natasha, uniq_robin, uniq_menkaure
D:5:      layout_loops_corners, gammafunk_temple_overflow_pools,
          nicolae_gozag_seed_capital, hangedman_ru_absence,
          kennysheep_slug_shrine
D:6:      layout_basic, minmay_misc_feat_nine_boxes, uniq_blork_the_orc
D:7:      layout_loops_ring, mainiacjoe_overflow_alcove_3,
          minmay_temple_entry_tees, kennysheep_generic_room_6
D:8:      lemuel_ratsnest, layout_rooms, yredelemnul_forgotten_temple_becter,
          gammafunk_ghost_ooze, uniq_maggie
D:9:      layout_loops_ring, erik_lair_dragon, minmay_misc_feat_pillars,
          nrook_pool_corridor, st_stairs_14
D:10:     gammafunk_worm_tunnel, layout_small_grid, lemuel_doored_altar,
          mainiacjoe_overflow_chevrons, lightli_temple_of_fire
D:11:     layout_loops_corners, grunt_decor_one_mirror,
          nicolae_hepliaklqana_monster_ancestors
Lair:1:   layout_regular_city, nicolae_volcano_entry_hallway, minivault_23,
          serial_bayou_lagoon_b
Lair:2:   layout_chaotic_city, minmay_swamp_entry_swarm,
          nicolae_spider_entry_non_spiders, gauntlet_entry_generic
Lair:3:   layout_roguey, portal_ice_cave_entry_pillars_1, basic_altar,
          uniq_amaemon, uniq_nergalle
Gauntlet: gammafunk_gauntlet_hard_choice
          [gammafunk_gauntlet_arena_split_diamond,
          nicolae_gauntlet_arena_quarters, gammafunk_gauntlet_arena_corners,
          gammafunk_gauntlet_arena_split_x, gammafunk_gauntlet_arena_chambers,
          minmay_gauntlet_arena_make_your_own_arena,
          dreamdust_gauntlet_exit_labyrinth]

Skill      XL: |  1  2  3  4  5  6  7  8  9 10 11 12 |
---------------+-------------------------------------+-----
Stealth        | 2 4 |  4.3
Fighting       | 1 2 3 5 6 7 10 | 10.0
Unarmed Combat | 4 5 6 7 9 11 13 15 | 15.0
Dodging        | 3 4 5 6 7 9 10 | 10.0
Invocations    | 1 6 |  6.9
Shapeshifting  | |  3.2

Action                     |  1- 3 |  4- 6 |  7- 9 | 10-12 || total
---------------------------+-------+-------+-------+-------++-------
  Melee: Unarmed           |   105 |   192 |   450 |   639 ||  1386
         Bite              |     7 |    24 |    51 |    92 ||   174
         Punch             |     1 |     6 |    29 |    59 ||    95
  Throw: Dart              |       |     2 |     3 |    12 ||    17
         Throwing net      |       |       |       |     2 ||     2
         Stone             |       |       |       |     4 ||     4
Ability: Begin Untransform |       |     1 |       |       ||     1
  Evoke: Wand              |       |       |       |     3 ||     3
    Use: Potion            |     1 |     1 |       |    10 ||    12
         Scroll            |     1 |     5 |     5 |    12 ||    23
   Stab: Sleeping          |     6 |     6 |     2 |    10 ||    24
         Paralysed         |       |       |    13 |    44 ||    57
         Held in net/web   |       |       |       |     4 ||     4
 Armour: Skin              |    16 |       |       |       ||    16
         Animal skin       |    47 |     4 |       |       ||    51
         Scale mail        |       |    82 |   174 |       ||   256
         Steam dragon scal |       |       |     1 |   180 ||   181
         Ring mail         |       |       |       |   125 ||   125
  Dodge: Dodged            |    47 |   112 |   269 |   715 ||  1143
         Repelled          |       |       |     3 |     2 ||     5

Table legend: (Time is in decaauts)
 A = Elapsed time spent in this place.
 B = Non-inter-level travel time spent in this place.
 C = Inter-level travel time spent in this place.
 D = Time resting spent in this place.
 E = Time spent auto-exploring this place.
 F = Levels seen in this place.
 G = Mean time per level.
                   A        B        C        D        E       F      G
               +--------+--------+--------+--------+--------+-----+--------+
         Total |  11863 |  11197 |    666 |    608 |   7420 |  16 |  741.4 |
       Dungeon |   9548 |   8930 |    618 |    249 |   6277 |  11 |  868.0 |
          Lair |   1339 |   1291 |     48 |      9 |    941 |   3 |  446.3 |
       Volcano |    499 |    499 |      0 |    215 |     54 |   1 |  499.0 |
      Gauntlet |    475 |    475 |      0 |    135 |    147 |   1 |  475.0 |
               +--------+--------+--------+--------+--------+-----+--------+

Top non-repeatable levels by time:
     D:9: 1205 daAuts
  Lair:1: 1173 daAuts
    D:11: 1118 daAuts
     D:6: 1094 daAuts
     D:5: 1040 daAuts
     D:7: 975 daAuts
     D:4: 909 daAuts
    D:10: 868 daAuts
     D:8: 835 daAuts
     D:1: 743 daAuts
 Volcano: 499 daAuts
     D:3: 479 daAuts
Gauntlet: 475 daAuts
     D:2: 279 daAuts
  Lair:2: 163 daAuts
